 Dungeon Crawl Stone Soup version 0.19.5 (webtiles) character file.

136 Rozenbaumfricks the Shield-Bearer (level 4, 23/35 HPs)
             Began as a Demonspawn Fighter on Apr 17, 2017.
             Quit the game on level 3 of the Dungeon.
             The game lasted 00:13:53 (2604 turns).

Rozenbaumfricks the Shield-Bearer (DsFi)            Turns: 2604, Time: 00:13:53

Health: 23/35      AC: 14    Str: 17    XL:     4   Next: 98%
Magic:  2/4        EV:  7    Int:  9    God:
Gold:   130        SH:  9    Dex: 13    Spells: 0 memorised, 3 levels left

rFire  . . .     SeeInvis .     o - -2 dagger (curse)
rCold  . . .     Gourm    +     b - +0 scale mail
rNeg   . . .     Faith    .     c - +0 shield
rPois  .         Spirit   +     (no helmet)
rElec  .         Reflect  .     (no cloak)
rCorr  .         Harm     .     (no gloves)
MR     .....                    n - +1 pair of boots
Stlth  ..........               m - amulet of the gourmand
                                (no ring)
                                (no ring)

@: sanguine armour
A: talons 1, magic shield, sanguine armour 1
a: no special abilities


You were on level 3 of the Dungeon.
You were completely stuffed.

You visited 1 branch of the dungeon, and saw 3 of its levels.

You collected 130 gold pieces.

Inventory:

Hand Weapons
 a - a +0 long sword
 j - a +0 dagger
 o - a cursed -2 dagger (weapon)
Missiles
 e - 22 sling bullets (quivered)
Armour
 b - a +0 scale mail (worn)
 c - a +0 shield (worn)
 n - a +1 pair of boots (worn)
Jewellery
 m - an amulet of the gourmand (around neck)
Scrolls
 d - 2 scrolls of identify
 g - 3 scrolls of teleportation
Potions
 h - a potion of agility
Books
 l - a book of Changes

   Spells                             Type                      Level
   a - Beastly Appendage              Transmutation                1
   b - Sticks to Snakes               Transmutation                2
   c - Spider Form                    Transmutation/Poison         3
   d - Ice Form                       Ice/Transmutation            4
   e - Blade Hands                    Transmutation                5
Comestibles
 f - a bread ration
 i - a beef jerky


   Skills:
 + Level 3.5 Fighting
 - Level 0.5(1.6) Short Blades
 - Level 2.4(2.5) Long Blades
 + Level 3.1 Armour
 + Level 1.3 Dodging
 + Level 0.4 Stealth
 + Level 3.6 Shields


You had 3 spell levels left.
You didn't know any spells.

Dungeon Overview and Level Annotations

Branches:
Dungeon (3/15)

Altars:
Ashenzari
Dithmenos
Hepliaklqana
Sif Muna
The Shining One

Annotations:
D:3 Cupidatis's ghost, weakling NaWr


Innate Abilities, Weirdness & Mutations

You have sharp toenails.
When hurt, damage is shared between your health and your magic reserves.
When seriously injured, your bleeding wounds create armour. (AC +6)


Message History

You hit the worker ant but do no damage.
The worker ant is severely wounded.
The worker ant bites you.
Your blood congeals into armour.
The worker ant bites you but does no damage.
You hit the worker ant.
The worker ant is severely wounded.
The worker ant bites you but does no damage.
You hit the worker ant but do no damage.
The worker ant is severely wounded.
Your blood armour dries and flakes away.
Your blood congeals into armour.
You feel sick.
You are no longer poisoned.
The worker ant bites you but does no damage.
Cupidatis's ghost grins evilly.
Cupidatis's ghost casts a spell.
Space distorts along a thin shroud covering Cupidatis's ghost's form.
A hobgoblin comes into view.
Unknown command.
Press < or > to pray at altars.
Are you sure you want to abandon this character and quit the game? (Confirm with "yes".)

##### . ###### #...# ...
#....# #...#
.....#.@ยง.########...###
gW...'a.................
.....###....##..##...#.#
##.. #....#.(.##...#.# #.
#....#..###...#.# #
#....#..# #...#.#
...#####.##..# #...#.#
.........##..#######.#
..######.##...........


You could see a worker ant, Cupidatis's ghost and a hobgoblin (wandering).

Vanquished Creatures
  7 adders
  2 worms
  A dart slug (D:2)
  2 leopard geckos
  4 orcs (D:3)
  2 giant cockroaches
  7 hobgoblins
  2 jackals (D:1)
  4 kobolds
  2 quokkas (D:2)
  2 ball pythons
  8 bats
  A frilled lizard (D:1)
  12 goblins
  3 rats
59 creatures vanquished.

Notes
Turn   | Place    | Note
-------+----------+-------------------------------------------
     0 | D:1      | Rozenbaumfricks the Demonspawn Fighter began the quest for the Orb.
     0 | D:1      | Reached XP level 1. HP: 18/18 MP: 1/1
   184 | D:1      | Gained mutation: When seriously injured, your bleeding wounds create armour. (AC +6) [demonic ancestry]
   184 | D:1      | Reached XP level 2. HP: 11/24 MP: 2/2
   681 | D:1      | Gained mutation: You have sharp toenails. [demonic ancestry]
   681 | D:1      | Reached XP level 3. HP: 24/29 MP: 3/3
  1322 | D:1      | Gained mutation: When hurt, damage is shared between your health and your magic reserves. [demonic ancestry]
  1322 | D:1      | Reached XP level 4. HP: 24/35 MP: 4/4
  1385 | D:2      | Reached skill level 1 in Dodging
  1488 | D:2      | Found a glowing golden altar of the Shining One.
  1540 | D:2      | Found a hazy altar of Hepliaklqana.
  1542 | D:2      | Found a deep blue altar of Sif Muna.
  2238 | D:3      | Found a shattered altar of Ashenzari.
  2543 | D:3      | Found a shadowy altar of Dithmenos.
  2601 | D:3      | Noticed Cupidatis's ghost (weakling NaWr)
  2604 | D:3      | Quit the game

Skill      XL: |  1  2  3  4 |
---------------+-------------+-----
Shields        | 3 |  3.6
Long Blades    | 2 |  2.4
Armour         | 3 |  3.1
Dodging        | 1 |  1.3
Fighting       | |  3.5
Short Blades   | |  0.5
Stealth        | |  0.4

Action                   |  1- 3 |  4- 6 || total
-------------------------+-------+-------++-------
Melee: Long sword        |    76 |       ||    76
       Dagger            |   106 |   330 ||   436
  Use: Scroll            |     4 |     3 ||     7
       Potion            |     2 |     1 ||     3
  Eat: Chunk             |    12 |    10 ||    22
Armor: Scale mail        |    73 |   121 ||   194
Dodge: Dodged            |    66 |    89 ||   155
Block: Shield            |    97 |   122 ||   219
       Rpst.: Long sword |    12 |       ||    12
